Map: Interloper LE

Players

dgv

  • Race: Protoss Protoss
  • Spawn Location: 11:00

Cuervo - Winner!

  • Race: Zerg Zerg
  • Spawn Location: 5:00

VOD

Have the link to the VOD?

Description

Time

  • Played on: Sept. 19, 2017, 11:16 a.m.
  • Length: 5:17
Show
View Real Time Build Order
Export as new Build Order

dgv Protoss 

Build Orders:  

Get SALT Encoding   

  12  0:07  Probe (Chrono Boost)  
  13  0:18  Probe (Chrono Boost)  
  14  0:32  Pylon  
  14  0:46  Assimilator  
  14  1:03  Gateway  
  14  1:07  Gateway  
  14  1:21  Probe (Chrono Boost)  
  15  1:31  Probe (Chrono Boost)  
  16  1:42  Probe (Chrono Boost)  
  17  1:52  Probe (Chrono Boost)  
  18  1:54  Pylon  
  18  1:56  Zealot  
  18  1:58  Zealot  
  22  2:14  Cybernetics Core  
  22  2:17  Probe (Chrono Boost)  
  22  2:22  Pylon  
  23  2:25  Zealot  
  23  2:27  Probe (Chrono Boost)  
  26  2:38  Probe (Chrono Boost)  
  27  2:45  Pylon  
  27  2:51  Gateway  
  27  2:55  Stalker  
  29  2:59  Warp Gate (Chrono Boost)  
  29  3:06  Assimilator  
  29  3:08  Probe  
  30  3:21  Probe  
  31  3:33  Probe  
  32  3:45  Probe  
  33  3:50  Robotics Facility  
  33  3:57  Probe  
  34  4:09  Probe  
  35  4:35  Probe  
  36  4:39  Observer  
  37  4:47  Probe  
  37  4:51  Gateway  
  37  4:52  Pylon x2  
  38  4:59  Probe  
  39  5:04  Zealot  
  39  5:06  Zealot  
  39  5:07  Stalker  
Show
View Real Time Build Order
Export as new Build Order

Cuervo Zerg - Winner!

Build Orders: Pool First 

Get SALT Encoding   

  12  0:01  Drone  
  13  0:13  Overlord  
  13  0:18  Drone  
  14  0:32  Drone  
  14  0:33  Drone  
  16  0:36  Drone  
  17  0:46  Spawning Pool  
  17  0:49  Drone  
  17  1:12  Hatchery  
  17  1:14  Drone  
  17  1:21  Drone, Extractor  
  17  1:24  Drone  
  18  1:36  Overlord  
  18  1:41  Queen  
  18  1:45  Drone  
  21  1:52  Zergling x2  
  22  2:03  Drone  
  24  2:15  Drone  
  24  2:17  Queen  
  26  2:25  Drone  
  26  2:26  Metabolic Boost  
  27  2:30  Drone  
  27  2:34  Drone  
  27  2:36  Drone  
  30  2:44  Roach Warren, Overlord  
  29  2:52  Queen  
  31  2:58  Drone x2  
  31  3:04  Drone x2  
  35  3:11  Drone x3  
  38  3:15  Overlord  
  38  3:26  Zergling x8  
  42  3:29  Drone  
  42  3:34  Overlord  
  43  3:39  Lair  
  43  3:44  Extractor  
  42  3:50  Extractor  
  42  3:55  Roach  
  42  3:56  Roach x4  
  50  4:07  Overlord  
  50  4:10  Roach  
  50  4:11  Roach  
  54  4:18  Zergling x2  
  54  4:19  Zergling x8  
  59  4:29  Roach  
  61  4:34  Zergling x4  
  61  4:35  Zergling x4  
  65  4:42  Overlord  
  65  4:43  Roach  
  67  4:49  Drone  
Tags
 
Matchup
PvZ
Opening
Pool First
Spawn Locations
Cross Positions
Add a new tag
Caveats
  • Supply blocks, unpowered buildings, or Contaminate may cause inaccurate times.
  • Supply counts are checked every 10 seconds.